 Dungeon Crawl Stone Soup version 0.28-a0-657-g71136c5590 (webtiles) character file.

Game seed: 1026430916928814566

927 siradein the Caller (level 7, -2/55 HPs)
             Began as a Purple Draconian Summoner on Oct 14, 2021.
             Slain by an unseen horror (8 damage)
             ... on level 5 of the Dungeon.
             The game lasted 00:13:20 (5848 turns).

siradein the Caller (Purple Draconian Summoner)     Turns: 5848, Time: 00:13:20

Health: -2/55      AC:  7    Str:  9    XL:     7   Next: 85%
Magic:  7/16       EV: 11    Int: 17    God:
Gold:   156        SH:  3    Dex: 11    Spells: 12/18 levels left

rFire   . . .      SeeInvis .   l - +0 trident
rCold   + + .      Faith    .   n - +0 buckler
rNeg    . . .      Spirit   .   (armour unavailable)
rPois   +          Reflect  .   (helmet restricted)
rElec   .          Harm     .   m - +0 cloak
rCorr   .          Rampage  .   (no gloves)
Will    ++...                   (no boots)
Stlth   +.........              (no amulet)
HPRegen 0.18/turn               o - ring "Inegioter" {rPois rC++ Will+ Str-2 Stlth-}
MPRegen 0.15/turn               (no ring)

@: no status effects
A: breathe power, AC +6, unfitting armour, cold-blooded
a: Breathe Dispelling Energy


You were on level 5 of the Dungeon.
You visited 1 branch of the dungeon, and saw 5 of its levels.

You collected 291 gold pieces.
You spent 135 gold pieces at shops.

Inventory:

Hand Weapons
 g - a +0 quarterstaff
 l - a +0 trident (weapon)
Missiles
 c - a throwing net
 f - 3 poisoned darts
Armour
 m - a +0 cloak (worn)
 n - a +0 buckler (worn)
Jewellery
 o - the ring "Inegioter" (left hand) {rPois rC++ Will+ Str-2 Stlth-}
   (You bought it in a shop on level 5 of the Dungeon)

   [ring of willpower]

   Str:       It affects your strength (-2).
   rC:        It greatly protects you from cold.
   rPois:     It protects you from poison.
   Will:      It increases your willpower.
   Stlth:     It makes you less stealthy.
Scrolls
 b - 2 scrolls of blinking {unknown}
 d - a scroll of acquirement {unknown}
 e - a scroll of noise {unknown}
 h - 2 scrolls of teleportation {unknown}
 p - a scroll of immolation {unknown}
 q - a scroll of identify
Potions
 i - a potion of magic
 j - a potion of brilliance
 k - a potion of flight


   Skills:
 + Level 2.3 Fighting
 + Level 4.4 Staves
 - Level 1.7 Dodging
 - Level 1.7 Stealth
 + Level 6.1 Spellcasting
 + Level 6.5 Summonings


You had 12 spell levels left.
You knew the following spells:

 Your Spells              Type           Power      Damage    Failure   Level
a - Summon Small Mammal   Summ           100%       N/A       1%          1
b - Call Imp              Summ           27%        N/A       2%          2
c - Call Canine Familiar  Summ           27%        N/A       4%          3

Your spell library contained the following spells:

 Spells                   Type           Power      Damage    Failure   Level
 Summon Guardian Golem    Hex/Summ       16%        N/A       17%         3
 Freeze                   Ice            20%        1d4       22%         1
 Magic Dart               Conj           20%        1d4       22%         1
 Searing Ray              Conj           10%        2d4       32%         2
 Summon Lightning Spire   Summ/Air       16%        N/A       50%         4
 Frozen Ramparts          Ice            10%        1d3       54%         3
 Fulminant Prism          Conj/Hex       2%         3d6       91%         4
 Hailstorm                Conj/Ice       5%         3d4       91%         4


Dungeon Overview and Level Annotations

Branches:
Dungeon (5/15)
 Temple: D:4-7

Altars:
Gozag
Makhleb
Qazlal
Vehumet
Yredelemnul
The Shining One

Shops:
D:3 (   D:4 (   D:5 *

Portals:
Abyss: D:3

Annotations:
D:3 2 transporters, a11behringer's ghost, amateur DjGl


Innate Abilities, Weirdness & Mutations

You can breathe bolts of dispelling energy.
Your rich purple scales are hard. (AC +6)
You cannot fit into any form of body armour.
You are cold-blooded and may be slowed by cold attacks.


Message History

Something barely misses your shadow imp.
Your hound bites something but does no damage.
Something hits your hound!
Your hound dies!
Your hound's corpse disappears in a puff of smoke!
Your shadow imp gestures at thin air.
Casting: Call Imp (safe; 2% risk of failure)
Confirm with . or Enter, or press ? or * to list all spells.
Something hits your shadow imp.
Your shadow imp dies!
Your shadow imp disappears in a puff of smoke!
Something hits you but does no damage. Something hits you!
Your hound bites something but does no damage.
Something hits you but does no damage.
Your hound bites something but does no damage.
Something hits you but does no damage.
Your hound closely misses something.
Something hits your hound. Something closely misses your hound.
Your hound bites something.
Something hits you.
You have got your breath back.
Something hits you but does no damage.
Casting: Call Imp (safe; 2% risk of failure)
Press: ? - help, Q - select action, (/) - cycle Dir - look around, f - activate A beastly little devil appears in a puff of flame.
Something hits you.
* * * LOW HITPOINT WARNING * * *
Something hits you but does no damage.
Your hound bites something.
Something hits you but does no damage. Something hits you.
* * * LOW HITPOINT WARNING * * *
Your crimson imp blinks!
Your hound closely misses something.
Something hits you.
* * * LOW HITPOINT WARNING * * *
Something hits you but does no damage.
Your hound bites something but does no damage.
Your crimson imp closely misses something.
Your hound bites something.
Something hits you but does no damage. Something hits you!
You die...

..##..#####.### ##..............
.....## ##..####...............
.....## ##..#...#.............
......# ##...#...............
.......# ###...................
........ ###........5............
....###. #.....(.................
...####..........................
..###...........@.h..............
.................................
.................................
.................................
.................................
.................................
.................................
.................................
.................................


You could see a friendly hound (summoned) and a friendly crimson imp (summoned).

Vanquished Creatures
  A centaur (D:5)
  A scorpion (D:5)
  A water moccasin skeleton (D:5)
  A centaur skeleton (D:4)
  An iguana (D:4)
  A scorpion zombie (D:5)
  2 hound skeletons
  2 gnolls
  3 adders
  A worm (D:2)
  3 dart slugs
  3 orcs
  5 ball pythons
  5 bats
  2 endoplasms (D:2)
  3 giant cockroaches
  3 hobgoblins
  2 jackals (D:3)
  5 quokkas
  A frilled lizard (D:3)
  4 goblins
  7 kobolds
  A quokka skeleton (D:4)
  6 rats
64 creatures vanquished.

Vanquished Creatures (collateral kills)
  A black bear (D:5)
  A centaur (D:5)
  A phantom (D:5)
  2 scorpions (D:5)
  A hound (D:5)
  An iguana (D:5)
  An orc wizard (D:5)
  5 adders
  2 gnolls (D:3)
  2 worms (D:2)
  A dart slug (D:4)
  An orc (D:5)
  An endoplasm (D:2)
  2 goblins
  2 hobgoblins (D:1)
  A quokka (D:4)
  A kobold (D:4)
  A rat (D:2)
27 creatures vanquished.

Grand Total: 91 creatures vanquished

Notes
Turn   | Place    | Note
-------+----------+-------------------------------------------
     0 | D:1      | siradein the Draconian Summoner began the quest for the
                  | Orb.
     0 | D:1      | Reached XP level 1. HP: 14/14 MP: 3/3
   734 | D:1      | Found a faded altar of an unknown god.
   743 | D:1      | Reached XP level 2. HP: 12/20 MP: 1/5
  1074 | D:1      | Learned a level 2 spell: Call Imp
  1705 | D:2      | Reached XP level 3. HP: 26/26 MP: 7/7
  1940 | D:2      | Reached skill level 1 in Staves
  2045 | D:2      | Reached XP level 4. HP: 14/33 MP: 5/8
  2550 | D:3      | Noticed a11behringer's ghost (amateur DjGl)
  2583 | D:3      | Found an opulent altar of Gozag.
  2769 | D:3      | Found a transporter.
  2790 | D:3      | Noticed an ancient zyme
  2795 | D:3      | Found a one-way gate to the infinite horrors of the Abyss.
  2814 | D:3      | Found a transporter.
  2841 | D:3      | Found a burning altar of Makhleb.
  2889 | D:3      | Found a basalt altar of Yredelemnul.
  2889 | D:3      | Found a glowing golden altar of the Shining One.
  2889 | D:3      | Found a stormy altar of Qazlal.
  2983 | D:4      | Found Nyh Kokh's Weapon Boutique.
  3003 | D:3      | Learned a level 3 spell: Call Canine Familiar
  3048 | D:3      | Reached skill level 5 in Summonings
  3245 | D:3      | Reached XP level 5. HP: 24/38 MP: 5/10
  4441 | D:5      | Entered Level 5 of the Dungeon
  4464 | D:5      | Noticed a phantom
  4475 | D:5      | Killed a phantom
  4476 | D:5      | Reached XP level 6. HP: 34/45 MP: 8/12
  4557 | D:5      | Found Fadwykaf's Assorted Antiques.
  4565 | D:5      | Bought a flickering granite ring for 135 gold pieces
  4565 | D:5      | Identified the ring "Inegioter" {rPois rC++ Will+ Str-2
                  | Stlth-} (You bought it in a shop on level 5 of the Dungeon)
  4782 | D:5      | Found a radiant altar of Vehumet.
  4910 | D:5      | Your scales start taking on a rich purple colour.
  4910 | D:5      | Reached skill level 5 in Spellcasting
  4910 | D:5      | Reached XP level 7. HP: 40/50 MP: 15/15
  5023 | D:5      | Reached skill level 1 in Fighting
  5848 | D:5      | Slain by an unseen horror

Illustrated notes

Levels and vault maps discovered:
D:1:      wander_arrival_abandoned_jail, layout_basic,
          hellmonk_ecumenical_altar_lost_god
D:2:      layout_basic
D:3:      layout_rooms, mainiacjoe_overflow_surrounded_room,
          mainiacjoe_overflow_alcove_2, minitemple,
          gammafunk_ghost_abyssal_escape
D:4:      layout_rooms, serial_shops, shop
D:5:      layout_layer_cave, nicolae_vehumet_radiance, serial_shops,
          nicolae_shop_statue_plus, serial_park_tiny_pond, st_stairs_11

Skill      XL: |  1  2  3  4  5  6  7 |
---------------+----------------------+-----
Staves         | 1 3 4 |  4.4
Spellcasting   | 3 4 5 6 |  6.1
Summonings     | 5 6 |  6.5
Fighting       | 2 |  2.3
Dodging        | |  1.7
Stealth        | |  1.7

Action                   |  1- 3 |  4- 6 |  7- 9 || total
-------------------------+-------+-------+-------++-------
Melee: Unarmed           |    33 |       |       ||    33
       Club              |     6 |       |       ||     6
       Tailslap          |    13 |    18 |     2 ||    33
       Long sword        |    46 |       |       ||    46
       Quarterstaff      |    38 |    82 |       ||   120
       Trident           |       |    99 |    20 ||   119
 Cast: Summon Small Mamm |     4 |       |       ||     4
       Call Imp          |     7 |    17 |     8 ||    32
       Call Canine Famil |       |     5 |     6 ||    11
 Abil: Breathe Dispellin |       |       |     2 ||     2
  Use: Potion            |     1 |     1 |     1 ||     3
       Scroll            |       |     3 |       ||     3
 Stab: Sleeping          |     4 |       |       ||     4
       Distracted        |       |     1 |       ||     1
Armor: Skin              |    35 |    80 |    36 ||   151
Dodge: Dodged            |   104 |   135 |    31 ||   270
Block: Buckler           |       |     8 |     3 ||    11

Table legend: (Time is in decaauts)
 A = Elapsed time spent in this place.
 B = Non-inter-level travel time spent in this place.
 C = Inter-level travel time spent in this place.
 D = Time resting spent in this place.
 E = Time spent auto-exploring this place.
 F = Levels seen in this place.
 G = Mean time per level.
                   A        B        C        D        E       F      G
               +--------+--------+--------+--------+--------+-----+--------+
         Total |   5931 |   5797 |    134 |    573 |   4199 |   5 | 1186.2 |
       Dungeon |   5931 |   5797 |    134 |    573 |   4199 |   5 | 1186.2 |
               +--------+--------+--------+--------+--------+-----+--------+

Top non-repeatable levels by time:
     D:1: 1431 daAuts
     D:4: 1244 daAuts
     D:5: 1161 daAuts
     D:3: 1049 daAuts
     D:2: 1044 daAuts
